 Dungeon Crawl Stone Soup version 0.23.1 (webtiles) character file.

Game seed: 6279301185223206671

54 Borgoz the Sneak (level 3, 0/28 HPs)
             Began as a Ghoul Enchanter on Mar 2, 2019.
             Slain by an orc
             ... wielding a +0 war axe
              (9 damage)
             ... on level 2 of the Dungeon.
             The game lasted 00:02:47 (1400 turns).

Borgoz the Sneak (Ghoul Enchanter)                  Turns: 1400, Time: 00:02:47

Health: 0/28       AC:  4    Str: 11    XL:     3   Next: 91%
Magic:  5/5        EV: 17    Int: 10    God:
Gold:   48         SH:  0    Dex: 10    Spells: 3/6 levels left

rFire    . . .     SeeInvis .   a - +2 dagger
rCold    + . .     Gourm    .   (no shield)
rNeg     + + +     Faith    .   l - +0 leather armour
rPois    ∞         Spirit   .   (no helmet)
rElec    .         Reflect  .   j - +0 cloak
rCorr    .         Harm     .   (no gloves)
MR       .....                  (no boots)
Stlth    ++........             (no amulet)
HPRegen  0.00/turn              o - +6 ring of evasion
MPRegen  0.09/turn              (no ring)

@: rotting
A: rotting body, claws 1, carnivore, cold resistance 1, negative energy
resistance 3, inhibited regeneration, torment resistance, unbreathing
a: no special abilities


You were on level 2 of the Dungeon.
You were not hungry.

You visited 1 branch of the dungeon, and saw 2 of its levels.

You collected 48 gold pieces.

Inventory:

Hand Weapons
 a - a +2 dagger (weapon)
Missiles
 c - 6 needles of confusion
 g - 10 poisoned needles
Armour
 j - a +0 cloak (worn)
 l - a +0 leather armour (worn)
Jewellery
 o - a +6 ring of evasion (left claw)
Potions
 b - a potion of ambrosia {unknown}
 h - a potion of might {unknown}
 k - a potion of agility {unknown}
 q - 2 potions of curing
Comestibles
 d - 2 rations
 p - a chunk of flesh


   Skills:
 * Level 1.5 Fighting
 * Level 1.8 Short Blades
 + Level 0.5 Armour
 + Level 2.0 Dodging
 + Level 3.5 Stealth
 + Level 2.0 Spellcasting
 + Level 2.6 Hexes


You had 3 spell levels left.
You knew the following spells:

 Your Spells              Type           Power        Failure   Level  Hunger
a - Corona                Hex            #......      14%         1    ##.....
b - Ensorcelled Hibernat  Hex/Ice        #.....       36%         2    ###....

Your spell library contained the following spells:

 Spells                   Type           Power        Failure   Level  Hunger
 Confuse                  Hex            #.......     38%         3    ####...
 Tukima's Dance           Hex            #.......     38%         3    ####...
 Dazzling Spray           Conj/Hex       #.....       58%         3    ####...


Dungeon Overview and Level Annotations

Branches:
Dungeon (2/15)

Altars:


Innate Abilities, Weirdness & Mutations

Your body is rotting away.
You thrive on raw meat.
You are immune to poison.
You have sharp fingernails.
You are carnivorous and can eat meat at any time.
Your flesh is cold resistant. (rC+)
You are immune to negative energy. (rN+++)
You do not regenerate when monsters are visible.
You are immune to unholy pain and torment.
You can survive without breathing.


Message History

The orc wizard blinks!
You aren't carrying any scrolls.
The orc wizard mumbles some strange words.
The orc wizard seems to speed up.
The orc wizard casts a spell.
The orc wizard blinks!
Found a ration.
The orc wizard casts a spell.
The orc wizard seems to speed up.
The orc wizard casts a spell.
The orc wizard blinks!
The orc wizard gestures wildly while chanting.
The orc wizard blinks!
The orc wizard casts a spell.
The orc wizard blinks!
The orc wizard mumbles some strange words.
The orc wizard blinks!
You see here 6 gold pieces.
You now have 48 gold pieces (gained 6).
The orc hits you with a +0 war axe!
You die...

...... . ..... . ..
#..#. .. .... #...#
... .....##...##.. .
...........#...
...............
#+#..##@# ....
#.#..##o##.....
#......#.?.....
########.....#.##.....
#.....#........##..###
#.................##
#.......##..##..###
.?.....##..##o..#
#?.....##.o...#


You could see an orc.

Vanquished Creatures
  An adder (D:2)
  A worm (D:2)
  2 dart slugs (D:1)
  A giant cockroach (D:1)
  5 goblins (D:1)
  3 hobgoblins (D:1)
  6 kobolds
  7 bats
  3 frilled lizards (D:1)
  11 rats
40 creatures vanquished.

Notes
Turn   | Place    | Note
-------+----------+-------------------------------------------
     0 | D:1      | Borgoz the Ghoul Enchanter began the quest for the Orb.
     0 | D:1      | Reached XP level 1. HP: 14/14 MP: 2/2
    96 | D:1      | Reached skill level 1 in Short Blades
   105 | D:1      | Reached XP level 2. HP: 17/22 MP: 3/3
   109 | D:1      | Learned a level 2 spell: Ensorcelled Hibernation
   287 | D:1      | Reached skill level 1 in Fighting
   413 | D:1      | Reached XP level 3. HP: 18/28 MP: 4/4
  1400 | D:2      | Slain by an orc

Skill      XL: |  1  2  3 |
---------------+----------+-----
Short Blades   | 1 |  1.8
Fighting       | 1 |  1.5
Dodging        | 2 |  2.0
Spellcasting   | 2 |  2.0
Armour         | |  0.5
Stealth        | |  3.5
Hexes          | |  2.6

Action                   || total
-------------------------++-------
Melee: Dagger            ||   157
  Use: Scroll            ||     6
 Stab: Sleeping          ||     6
  Eat: Chunk             ||    14
Armor: Robe              ||     5
       Leather armour    ||    34
Dodge: Dodged            ||    93
